 Dungeon Crawl Stone Soup version 0.18-a0-921-g28655ce (webtiles) character file.

361 JokEr the Skirmisher (level 6, -12/52 HPs)
             Began as a Formicid Fighter on Dec 27, 2015.
             Killed from afar by an oklob plant (15 damage)
             ... with a splash of acid
             ... on level 3 of the Dungeon.
             The game lasted 00:09:10 (3992 turns).

JokEr the Skirmisher (Formicid Fighter)             Turns: 3992, Time: 00:09:10

Health: -12/52     AC:  2    Str: 22    XL:     6   Next: 98%
Magic:  6/6        EV:  8    Int:  8    God:
Gold:   140        SH:  9    Dex: 10    Spells: 0 memorised, 5 levels left

rFire  . . .     SeeInvis +     a - +0 long sword
rCold  . . .     Gourm    .     b - +0 scale mail
rNeg   . . .     Faith    .     c - +0 shield
rPois  .         Spirit   .     (helmet unavailable)
rElec  .         Dismiss  .     (no cloak)
rCorr  .         Reflect  .     (no gloves)
SustAt .         Harm     .     (no boots)
MR     .....                    (no amulet)
Stlth  +.........               (no ring)
                                j - ring of stealth

@: corroded equipment, not resistant to hostile enchantments, very unstealthy
A: permanent stasis, dig shafts and tunnels, four strong arms, antennae 3
a: Dig, Shaft Self


You were on level 3 of the Dungeon.
You were hungry.

You visited 1 branch of the dungeon, and saw 3 of its levels.
You also visited: Sewer.

You collected 140 gold pieces.

Inventory:

Hand Weapons
 a - a +0 long sword (weapon)
Armour
 b - a +0 scale mail (worn)
 c - a +0 shield (worn)
Jewellery
 j - a ring of stealth (left hand)
 m - a +5 ring of slaying {unknown}
 t - an uncursed ring of protection from fire {unknown}
Scrolls
 e - 3 scrolls of remove curse
 h - 8 scrolls of teleportation
 r - a scroll of magic mapping
 s - a scroll of identify
 u - a scroll of fog {unknown}
Potions
 d - 2 potions of might
 g - a potion of invisibility {unknown}
 i - 3 potions of cure mutation {unknown}
 k - a potion of poison {unknown}
 l - 2 potions of curing {unknown}
 n - a potion of degeneration {unknown}
 o - a potion of brilliance {unknown}
 p - a potion of magic {unknown}
 q - 2 potions of haste {unknown}
Comestibles
 f - 3 bread rations


   Skills:
 + Level 6.0 Fighting
 + Level 5.0 Long Blades
 - Level 3.2 Armour
 - Level 3.6 Shields


You had 5 spell levels left.
You didn't know any spells.

Dungeon Overview and Level Annotations

Branches:
Dungeon (3/15)

Altars:
Dithmenos
Fedhas
Makhleb
Pakellas
Qazlal
Trog

Annotations:
D:3 exclusion: oklob plant


Innate Abilities, Weirdness & Mutations

You are under a permanent stasis effect.
You can dig through walls and to a lower floor.
Your four strong arms can wield two-handed weapons with a shield.
You have a pair of large antennae on your head (SInv).


Message History

The fungus is severely damaged.
You hit the fungus.
The fungus is severely damaged.
You slash the fungus!
The fungus is almost destroyed.
You hit the fungus.
The fungus is almost destroyed.
You slash the fungus!
You destroy the fungus!
The oklob plant spits acid at you. The splash of acid hits you!
The acid corrodes you!
The acid burns!
The oklob plant spits acid at you. The splash of acid hits you!
The acid burns!
* * * LOW HITPOINT WARNING * * *
You see here 3 fruits.
You slash the fungus!
The fungus is moderately damaged.
The oklob plant spits acid at you. The splash of acid hits you!
You die... ###.#.###..##.♣PP.≈≈≈≈...≈≈≈≈.PP ....#.###..##.PPP.≈≈≈≈≈.≈≈≈≈≈. ###.#......##P#.P..≈≈≈≈.≈≈≈≈.. ..#.#####.###♣P.#♣..≈≈≈.≈≈≈..P ....# #.# #PPPP♣#..≈≈.≈≈..#P #.#######.# #PPPPPP.........P. #.# #...#.###P%.#P.PPPP♣#PPPPP #.###...#..##P#%%%%P.PP# P#♣PP #....[.....# #P@PPPPPPPPPP

. #####...##.##♣PPPPP.#P♣##PPP
....#...##..#################
.##.#...##.........# .....#
..#.#...##.........# ##....#
..#.#...##.........# #.....# #.#
#.#.#...##.#.......# #.....# #.#
#.#........#..####.# #.....###.#
#.###########.####.####..........


You could see an oklob plant.

Vanquished Creatures
  A big kobold (Sewer)
  2 orc priests (D:3)
  3 river rats
  11 adders
  3 oozes
  2 worms (Sewer)
  3 giant geckos (D:3)
  4 orcs (D:3)
  5 giant cockroaches
  5 hobgoblins
  2 ball pythons
  10 bats
  2 giant newts
  10 goblins
  14 kobolds
  2 quokkas
  9 rats
  A fungus (D:3)
  A plant (D:3)
90 creatures vanquished.

Notes
Turn   | Place    | Note
--------------------------------------------------------------
     0 | D:1      | JokEr the Formicid Fighter began the quest for the Orb.
     0 | D:1      | Reached XP level 1. HP: 18/18 MP: 1/1
   141 | D:1      | Reached XP level 2. HP: 24/24 MP: 2/2
   463 | D:1      | Reached XP level 3. HP: 30/30 MP: 3/3
   465 | D:1      | Reached skill level 4 in Fighting
   894 | D:2      | Reached XP level 4. HP: 35/37 MP: 4/4
  1865 | D:2      | Found a burning altar of Makhleb.
  1868 | D:2      | Found an oddly glowing altar of Pakellas.
  1871 | D:2      | Found a stormy altar of Qazlal.
  2489 | D:3      | Reached XP level 5. HP: 43/43 MP: 5/5
  2533 | D:3      | Found a glowing drain.
  2546 | Sewer    | Entered a sewer
  2689 | Sewer    | Reached skill level 5 in Fighting
  2689 | Sewer    | Reached XP level 6. HP: 34/51 MP: 6/6
  3772 | D:3      | Reached skill level 6 in Fighting
  3772 | D:3      | Reached skill level 5 in Long Blades
  3916 | D:3      | Found a bloodstained altar of Trog.
  3916 | D:3      | Found a shadowy altar of Dithmenos.
  3932 | D:3      | Found a blossoming altar of Fedhas.
  3952 | D:3      | Noticed an oklob plant
  3992 | D:3      | Killed from afar by an oklob plant

Vault maps used:
D:1:      enne_arrival_octagon_isle
D:2:      grunt_temple_overflow_diamond, first_bread, grunt_ministairs_11
D:3:      tgw_fedhas, gammafunk_temple_overflow_elements, gup_sewer_entry_spiral
Sewer:    sewer_co_15_rooms

Action                   |  1- 3 |  4- 6 || total
-------------------------+-------+-------++-------
Melee: Long sword        |    84 |   369 ||   453
  Use: Scroll            |     5 |     2 ||     7
       Potion            |       |     1 ||     1
  Eat: Chunk             |       |     6 ||     6
       Bread ration      |       |     1 ||     1
